AoeStats
← Hamza Khan

Black Forest

508080756Analyzed
4v4 RM · 13d ago on Sep 20, 2026· 71m 18s· 8 players
Game mode
Random Map
Map size
Large (8 player)
Population
200
Speed
Normal
Resources
Standard
Victory
Conquest
Starting age
Dark Age
Ending age
Imperial Age
RankedLock teamsTeams togetherTeam positionsShared explorationLock speedFull tech treeHidden civsTurbo modeCheats
Victory
Defeat
🇨🇱 Inca · Chile
946
+13
🇧🇷 Persians · Brazil
923
+14
🇦🇷 Franks · Argentina
767
+20
🇹🇷 Bohemians · Türkiye
758
+22
🇸🇪 Burgundians · Sweden
915
-19
🇮🇹 Italians · Italy
887
-18
🇵🇷 Persians · Puerto Rico
872
-17
🇺🇸 Britons · United States
818
-15
Rahaan
8:44 Loom
13:00 Feudal Age
13:31 Double-Bit Axe
13:29 Horse Collar
18:43 Castle Age
17:12 Gold Mining
17:13 Stone Mining
17:36 Fletching
17:56 Stone Mining
18:40 Padded Archer Armor
20:02 Wheelbarrow
20:35 Heavy Plow
21:23 Bow Saw
24:38 Hand Cart
24:40 Town Watch
30:10 Imperial Age
28:50 Silk Road
28:50 Treadmill Crane
30:01 Ballistics
29:42 Bodkin Arrow
30:03 Leather Archer Armor
30:08 Scale Mail Armor
30:19 Forging
31:13 Town Patrol
34:36 Masonry
35:28 Chemistry
34:25 Murder Holes
35:44 Bracer
36:14 Ring Archer Armor
36:56 Conscription
35:57 Elite Genoese Crossbowman
36:48 Caravan
36:54 Caravan
38:22 Chain Mail Armor
38:40 Architecture
40:03 Two-Man Saw
39:54 Thumb Ring
40:55 Plate Mail Armor
41:01 Iron Casting
42:28 Hoardings
44:30 Squires
44:16 Arson
49:24 Fortified Wall
50:17 Blast Furnace
62:42 Pirotechnia
67:11 Arrowslits
Hamza Khan
0:30 Loom
11:41 Feudal Age
10:10 Double-Bit Axe
11:49 Horse Collar
13:30 Bow Saw
14:48 Heavy Plow
20:32 Castle Age
18:58 Stone Mining
19:01 Gold Mining
19:53 Wheelbarrow
21:12 Stone Shaft Mining
21:19 Gold Shaft Mining
21:50 Crop Rotation
23:19 Two-Man Saw
23:17 Hand Cart
29:15 Imperial Age
30:00 Elite Coustillier
31:03 Conscription
31:27 Fortified Wall
32:52 Squires
32:38 Arson
34:36 Chemistry
33:51 Town Watch
33:40 Pikeman
35:28 Burgundian Vineyards
38:34 Caravan
39:54 Scale Barding Armor
39:50 Scale Mail Armor
40:00 Forging
40:52 Town Patrol
40:55 Elite Skirmisher
45:50 Arrowslits
45:46 Treadmill Crane
46:49 Padded Archer Armor
46:39 Fletching
47:25 Iron Casting
50:52 Leather Archer Armor
50:32 Bodkin Arrow
50:59 Chain Barding Armor
53:45 Plate Barding Armor
53:27 Chain Mail Armor
54:45 Guard Tower
55:10 Halberdier
58:01 Flemish Revolution
yamir0000
1:47 Loom
4:23 Loom
12:36 Feudal Age
13:48 Double-Bit Axe
16:11 Wheelbarrow
19:36 Castle Age
17:33 Horse Collar
17:47 Stone Mining
18:11 Gold Mining
19:35 Forging
25:51 Devotion
26:11 Heavy Plow
26:24 Bow Saw
27:38 Ballistics
30:19 Scale Barding Armor
30:51 Iron Casting
30:07 Fletching
30:17 Padded Archer Armor
31:09 Hand Cart
32:02 Town Watch
32:19 Kamandaran
36:40 Imperial Age
34:13 Town Patrol
34:17 Caravan
34:27 Crossbowman
35:13 Thumb Ring
35:13 Husbandry
35:24 Bloodlines
34:35 Light Cavalry
36:52 Gold Shaft Mining
36:52 Stone Shaft Mining
37:23 Chain Barding Armor
38:04 Blast Furnace
37:00 Bodkin Arrow
37:24 Leather Archer Armor
38:16 Chemistry
37:45 Conscription
37:37 Citadels
40:00 Two-Man Saw
39:50 Heated Shot
40:12 Masonry
42:01 Plate Barding Armor
41:58 Ring Archer Armor
41:15 Elite War Elephant
42:32 Hoardings
41:42 Sappers
44:47 Elite Skirmisher
50:33 Crop Rotation
Yomokillroy
0:35 Loom
14:20 Feudal Age
15:11 Double-Bit Axe
15:10 Horse Collar
19:23 Wheelbarrow
19:36 Stone Mining
19:37 Gold Mining
23:59 Castle Age
23:14 Padded Archer Armor
23:28 Fletching
23:31 Arson
24:39 Forging
24:31 Scale Mail Armor
25:05 Bow Saw
25:52 Heavy Plow
26:51 Gold Shaft Mining
27:46 Squires
27:07 Pikeman
31:20 Hand Cart
32:22 Yeomen
33:24 Ballistics
35:57 Imperial Age
35:24 Leather Archer Armor
35:18 Scale Barding Armor
35:13 Bodkin Arrow
35:22 Treadmill Crane
36:05 Chain Mail Armor
36:59 Iron Casting
37:16 Conscription
38:03 Warwolf
37:49 Halberdier
40:08 Two-Man Saw
40:01 Ring Archer Armor
42:13 Chemistry
43:19 Elite Longbowman
44:07 Elite Longbowman
46:19 Blast Furnace
45:20 Bracer
50:16 Chain Barding Armor
50:27 Plate Mail Armor
57:12 Crossbowman
57:54 Arbalester
70:24 Elite Skirmisher
I MISS HER
13:24 Feudal Age
13:59 Double-Bit Axe
14:04 Horse Collar
19:02 Castle Age
22:01 Bow Saw
23:06 Wheelbarrow
23:47 Heavy Plow
29:54 Imperial Age
27:41 Hand Cart
30:17 Chemistry
32:35 Two-Man Saw
31:07 Elite Hussite Wagon
31:11 Pikeman
31:52 Squires
31:37 Arson
31:13 Man-at-Arms
32:35 Halberdier
33:50 Forging
33:40 Scale Mail Armor
33:46 Scale Barding Armor
33:42 Padded Archer Armor
33:32 Fletching
34:04 Town Watch
34:04 Loom
34:26 Long Swordsman
35:26 Chain Mail Armor
35:46 Iron Casting
35:46 Two-Handed Swordsman
39:23 Caravan
39:45 Houfnice
42:15 Bodkin Arrow
42:35 Leather Archer Armor
42:53 Plate Mail Armor
43:23 Blast Furnace
42:44 Chain Barding Armor
41:47 Champion
46:10 Conscription
47:51 Bracer
48:21 Ring Archer Armor
55:44 Ballistics
nene
5:37 Loom
12:07 Feudal Age
17:54 Double-Bit Axe
18:13 Gold Mining
19:26 Town Watch
22:05 Castle Age
20:20 Stone Mining
23:32 Bow Saw
24:00 Gold Shaft Mining
29:48 Wheelbarrow
31:01 Hand Cart
31:08 Husbandry
30:29 Light Cavalry
35:03 Imperial Age
34:41 #83
35:32 Ballistics
35:08 Murder Holes
35:24 Fortified Wall
35:37 Scale Barding Armor
35:33 Scale Mail Armor
35:37 Padded Archer Armor
35:27 Fletching
35:48 Forging
35:19 Cavalier
35:40 Onager
37:26 Chemistry
36:48 Caravan
38:06 Siege Engineers
38:12 Masonry
38:39 Paladin
40:56 Elite Throwing Axeman
43:47 Town Patrol
45:19 Architecture
46:56 Chain Mail Armor
46:57 Leather Archer Armor
46:38 Bodkin Arrow
47:03 Chain Barding Armor
47:19 Iron Casting
49:16 Plate Mail Armor
49:15 Chivalry
52:49 Plate Barding Armor
53:18 Blast Furnace
63:58 Heavy Scorpion
Pão Andante
11:03 Feudal Age
11:08 Loom
16:03 Castle Age
14:39 Double-Bit Axe
22:51 Horse Collar
24:22 Wheelbarrow
27:01 Fervor
28:03 Bow Saw
27:56 Heavy Plow
27:56 Gold Mining
32:42 Imperial Age
31:46 Scale Barding Armor
31:52 Forging
31:54 Bloodlines
31:45 Husbandry
32:21 Hand Cart
31:52 Town Watch
33:06 Chain Barding Armor
33:37 Caravan
34:11 Conscription
33:53 Kamandaran
33:46 Cavalier
35:45 Two-Man Saw
35:18 Crop Rotation
35:29 Gold Shaft Mining
34:44 Stone Mining
35:22 Savar
39:05 Fletching
39:51 Iron Casting
39:51 Plate Barding Armor
39:18 Padded Archer Armor
39:03 Light Cavalry
39:55 Thumb Ring
39:10 Crossbowman
42:22 Ballistics
43:02 Chemistry
42:28 Hussar
52:45 Citadels
55:53 Blast Furnace
54:48 Bodkin Arrow
55:09 Leather Archer Armor
56:24 Guard Tower
56:30 Murder Holes
56:46 Masonry
56:52 Squires
56:12 Pikeman
56:38 Arson
56:59 Scale Mail Armor
56:52 Halberdier
60:55 Chain Mail Armor
61:11 Ring Archer Armor
Lerny
1:01 Loom
11:40 Feudal Age
18:29 Castle Age
17:12 Double-Bit Axe
17:11 Horse Collar
17:17 Horse Collar
21:44 Bow Saw
27:03 Wheelbarrow
27:15 Stone Mining
33:02 Imperial Age
30:39 Heavy Plow
30:46 Squires
30:32 Arson
30:07 Champi Runner
30:41 Gold Mining
31:26 Stone Shaft Mining
31:39 Forging
31:29 Scale Mail Armor
32:07 Champi Warrior
33:39 Gold Shaft Mining
33:32 Hand Cart
33:05 Town Watch
34:42 Crop Rotation
34:35 Fortified Wall
34:31 Siege Engineers
35:45 Elite Champi Warrior
37:10 Iron Casting
37:41 Chain Mail Armor
39:20 Elite Kamayuk
41:20 Blast Furnace
41:26 Fabric Shields
42:17 Conscription
41:49 Treadmill Crane
42:21 Masonry
43:28 Plate Mail Armor
42:59 Caravan
49:31 Pikeman
52:08 Halberdier
53:51 Fletching
54:01 Padded Archer Armor
54:49 Thumb Ring
54:06 Elite Skirmisher
55:59 Chemistry
55:22 Ballistics
57:42 Leather Archer Armor
57:23 Bodkin Arrow
60:09 Andean Sling
62:50 Bracer
63:20 Ring Archer Armor
68:24 Hoardings
Connection lost

Rejoining the realm…

Still unreachable

The connection could not be restored.

Session expired

The server has moved on; the page needs a fresh start.